 Dungeon Crawl Stone Soup version 0.23-a0-307-gc3b755d (webtiles) character file.

46 iamserjio the Grave Robber (level 3, -1/20 HPs)
             Began as a Tengu Necromancer on Oct 10, 2018.
             Slain by an adder (5 damage)
             ... on level 3 of the Dungeon.
             The game lasted 00:04:52 (654 turns).

iamserjio the Grave Robber (Tengu Necromancer)       Turns: 654, Time: 00:04:53

Health: -1/20      AC:  2    Str:  8    XL:     3   Next: 66%
Magic:  3/7        EV: 12    Int: 16    God:
Gold:   73         SH:  0    Dex: 14    Spells: 1/6 levels left

rFire    . . .     SeeInvis .     - Unarmed
rCold    . . .     Gourm    .   (no shield)
rNeg     . . .     Faith    .   a - +0 robe
rPois    .         Spirit   .   (helmet restricted)
rElec    .         Reflect  .   (no cloak)
rCorr    .         Harm     .   (no gloves)
MR       .....                  (boots unavailable)
Stlth    ++........             (no amulet)
HPRegen  0.06/turn              (no ring)
MPRegen  0.10/turn              (no ring)

@: no status effects
A: beak, talons 3
a: no special abilities


You were on level 3 of the Dungeon.
You were not hungry.

You visited 1 branch of the dungeon, and saw 3 of its levels.

You collected 73 gold pieces.

Inventory:

Hand Weapons
 b - a +0 short sword
 j - a +0 hunting sling
Missiles
 i - a throwing net (quivered) {!f}
 l - 5 poisoned needles
Armour
 a - a +0 robe (worn)
 d - a +0 ring mail
Scrolls
 e - a scroll of enchant weapon {unknown}
 g - 3 scrolls of fog {unknown}
 h - 2 scrolls of remove curse {unknown}
 k - 2 scrolls of identify {unknown}
 m - a scroll of random uselessness {unknown}
 n - a scroll of magic mapping {unknown}
Potions
 p - 2 potions of heal wounds {unknown}
Comestibles
 c - 6 rations


   Skills:
 + Level 1.3 Fighting
 - Level 2.1 Dodging
 - Level 2.0 Stealth
 * Level 2.3 Unarmed Combat
 + Level 2.0 Spellcasting
 + Level 4.7 Necromancy


You had one spell level left.
You knew the following spells:

 Your Spells              Type           Power        Failure   Level  Hunger
a - Pain                  Necr           ###.         3%          1    #......
b - Vampiric Draining     Necr           ###.......   9%          3    ###....
c - Animate Skeleton      Necr           N/A          3%          1    #......

Your spell library contained the following spells:

 Spells                   Type           Power        Failure   Level  Hunger
 Regeneration             Chrm/Necr      #.........   24%         3    ###....
 Animate Dead             Necr           N/A          28%         4    #####..


Dungeon Overview and Level Annotations

Branches:
Dungeon (3/15)

Altars:

Annotations:
D:2 Sigmund


Innate Abilities, Weirdness & Mutations

You have a beak for a mouth.
You have claws for feet.


Message History

Ouch! That really hurt!
Casting: Pain (safe; 3% risk of failure)
Aiming: Pain (safe; 3% risk of failure)
Aim: a worm (heavily wounded, chance to defeat MR: 81%)
The worm barely resists.
The worm closely misses you.
An adder comes into view.
The giant cockroach bites you.
* * * LOW HITPOINT WARNING * * *
Casting: Pain (safe; 3% risk of failure)
Aiming: Pain (safe; 3% risk of failure)
Aim: a worm (moderately wounded, chance to defeat MR: 81%)
The giant cockroach writhes in agony!
You kill the giant cockroach!
Casting: Pain (safe; 3% risk of failure)
Aiming: Pain (safe; 3% risk of failure)
Aim: a worm (moderately wounded, chance to defeat MR: 81%)
The adder writhes in agony!
The adder closely misses you.
You hit the adder. Your kick misses the adder.
You punch the adder, but do no damage. The adder bites you.
You die...

..# ..# #$# #.#
.######.####
...........
.........##
.######...#######
..........w.S@..#
..####.<..#.##(#.#
#.#.##.# ##
#.#.##S. #.#.####.
#.#.# #. ..#.# #.
###.. .# ##


You could see a worm and an adder.

Vanquished Creatures
  An adder (D:2)
  A dart slug (D:2)
  2 leopard geckos
  3 ball pythons (D:1)
  5 bats (D:1)
  4 giant cockroaches
  2 goblins (D:1)
  3 hobgoblins
  6 frilled lizards
  4 kobolds
  A rat (D:1)
32 creatures vanquished.

Notes
Turn   | Place    | Note
-------+----------+-------------------------------------------
     0 | D:1      | iamserjio the Tengu Necromancer began the quest for the
                  | Orb.
     0 | D:1      | Reached XP level 1. HP: 10/10 MP: 4/4
    27 | D:1      | Reached skill level 1 in Unarmed Combat
    35 | D:1      | Reached XP level 2. HP: 9/16 MP: 0/6
   179 | D:1      | Reached skill level 1 in Fighting
   191 | D:1      | Reached XP level 3. HP: 2/20 MP: 0/7
   336 | D:1      | Learned a level 3 spell: Vampiric Draining
   338 | D:1      | Learned a level 1 spell: Animate Skeleton
   600 | D:2      | Noticed Sigmund
   654 | D:3      | Slain by an adder

Vault maps used:
D:1:      minmay_arrival_stone_box
D:2:      uniq_sigmund
D:3:      portal_sewer_entry_d

Skill      XL: |  1  2  3 |
---------------+----------+-----
Unarmed Combat | 1 2 |  2.3
Fighting       | 1 |  1.3
Dodging        | |  2.1
Stealth        | |  2.0
Spellcasting   | |  2.0
Necromancy     | |  4.7

Action                   || total
-------------------------++-------
Melee: Unarmed           ||    10
       Peck              ||     2
       Kick              ||     2
       Punch             ||     1
 Cast: Pain              ||    45
  Use: Potion            ||     1
Dodge: Dodged            ||    15

Table legend:
 A = Non-vault XP
 B = Vault XP
 C = Vault XP percentage of total XP
 D = Non-vault monster count
 E = Vault monster count
 F = Vault count percentage of total count
                 A         B        C        D         E       F
            +---------+---------+-------+---------+---------+-------
      Total |      66 |       0 |   0.0 |      32 |       0 |   0.0
            +---------+---------+-------+---------+---------+-------
        D:1 |      37 |       0 |   0.0 |      23 |       0 |   0.0
        D:2 |      27 |       0 |   0.0 |       8 |       0 |   0.0
        D:3 |       2 |       0 |   0.0 |       1 |       0 |   0.0
            +---------+---------+-------+---------+---------+-------
